 Dungeon Crawl Stone Soup version 0.31-a0-232-gb1c03b2570 (webtiles) character file.

Game seed: 14675013141227724989

25 qw the Shooter (level 3, -2/21 HPs)
             Began as a Gargoyle Hexslinger on July 7, 2023.
             Killed from afar by an orc wizard (5 damage)
             ... with a magic dart
             ... on level 2 of the Dungeon.
             The game lasted 00:00:20 (901 turns).

qw the Shooter (Gargoyle Hexslinger)                 Turns: 901, Time: 00:00:21

Health: -2/21      AC:  5    Str: 11    XL:     3   Next: 6%
Magic:  4/4        EV: 12    Int: 13    God:
Gold:   24         SH:  0    Dex: 14    Spells: 3/4 levels left

rFire   . . .        Y - +1 sling
rCold   . . .        (no shield)
rNeg    + . .        c - +0 robe
rPois   inf          (no helmet)
rElec   +            (no cloak)
rCorr   .            (no gloves)
SInv    .            (no boots)
Will    .....        (no amulet)
Stlth   +            (no ring)
HPRegen 0.23/turn    (no ring)
MPRegen 0.09/turn

%: no passive effects
@: no status effects
A: sickness immunity, AC +3, negative energy resistance 1, electricity
resistance, torment resistance 1, petrification resistance
a: no special abilities


You were on level 2 of the Dungeon.
You visited 1 branch of the dungeon, and saw 2 of its levels.

You collected 24 gold pieces.


Innate Abilities, Weirdness & Mutations

You are immune to sickness and miasma.
Your stone body is resilient. (AC +3)
You are immune to poison.
You resist negative energy. (rN+)
You are resistant to electric shocks. (rElec)
You are resistant to unholy torment.
You are immune to petrification.


   Skills:
 - Level 2.0 Fighting
 + Level 3.0 Ranged Weapons
 - Level 1.5 Dodging
 - Level 1.0 Spellcasting
 - Level 2.6 Hexes


You had 3 spell levels left.
You knew the following spells:

 Your Spells              Type           Power      Damage    Failure   Level
a - Slow                  Hex            28%        N/A       10%         1

Your spell library contained the following spells:

 Spells                   Type           Power      Damage    Failure   Level
 Inner Flame              Hex/Fire       4%         N/A       43%         3
 Portal Projectile        Hex/Tloc       8%         N/A       43%         3
 Cause Fear               Hex            3%         N/A       67%         4

Inventory:

Hand Weapons
 Y - a +1 sling (weapon)
Armour
 b - a +0 leather armour
 c - a +0 robe (worn)
 i - a +0 pair of boots
Scrolls
 a - a scroll of amnesia {unknown}
 e - a scroll of enchant armour {unknown}
 f - a scroll of enchant weapon {unknown}
Potions
 d - a potion of ambrosia {unknown}
 g - a potion of cancellation {unknown}
 h - a potion of resistance {unknown}

Dungeon Overview and Level Annotations

Branches:
Dungeon (2/15)

Altars:


Message History

An orc wizard comes into view. It is wielding a +2 dagger of speed.
The orc moves out of view.
Enter note:
Enter note:
Enter note:
Enter note:
Enter note:
Enter note: You shoot a sling bullet.
The orc wizard shouts!
The sling bullet hits the orc.
The orc is lightly wounded.
An orc comes into view. It is wielding a +0 hand axe.
You shoot a sling bullet. The sling bullet barely misses the orc.
The orc hits you with a +0 club.
You shoot a sling bullet.
The sling bullet hits the orc but does no damage.
The orc is lightly wounded.
The orc hits you with a +0 club.
You shoot a sling bullet.
The sling bullet hits the orc but does no damage.
The orc is lightly wounded.
The orc hits you with a +0 club. The orc hits you but does no damage.
The orc wizard points at you and mumbles some strange words.
The puff of flame hits you.
You shoot a sling bullet.
The sling bullet hits the orc but does no damage.
The orc is lightly wounded.
The orc barely misses you. The orc wizard closely misses you.
The orc priest closely misses you.
You shoot a sling bullet. The sling bullet hits the orc.
You kill the orc!
The orc wizard hits you with a +2 dagger of speed.
The orc priest hits you from afar with a +0 trident.
The orc wizard hits you with a +2 dagger of speed.
You shoot a sling bullet. The sling bullet hits the orc wizard.
The orc wizard is moderately wounded.
The orc wizard points at you and mumbles some strange words.
The magic dart hits you.
You die...

#..............#
...######......#
...........#####
...........%..#
.........##..# ###
........(# #.##
....
.######.####..#
.....
#.......##)#o.....
#.......##@oo.....
#.........##o.....
............#
.....
............# ....
.............# ...
...##........# ..
.. #........# .
#.........
#........##


You could see an orc priest, an orc wizard and 2 orcs.

Vanquished Creatures
  A dart slug (D:2)
  An orc (D:2)
  An endoplasm (D:1)
  3 goblins (D:1)
  A hobgoblin (D:1)
  2 quokkas (D:1)
  A ball python (D:2)
  3 bats
  4 frilled lizards (D:1)
  2 kobolds (D:1)
  5 rats
24 creatures vanquished.

Notes
Turn   | Place    | Note
-------+----------+-------------------------------------------
     0 | D:1      | qw the Gargoyle Hexslinger began the quest for the Orb.
     0 | D:1      | Reached XP level 1. HP: 12/12 MP: 2/2
     0 | D:1      | 0 ||| qw: Version: 0.3-a-46-gb1f654a
     0 | D:1      | 0 ||| qw: Game counter: 2634
     0 | D:1      | 0 ||| qw: Melee chars always use a shield: true
     0 | D:1      | 0 ||| qw: God list: Okawaru
     0 | D:1      | 0 ||| qw: Allow faded altars: false
     0 | D:1      | 0 ||| qw: Do Orc after clearing Dungeon:15 true
     0 | D:1      | 0 ||| qw: Do second Lair branch before Depths: true
     0 | D:1      | 0 ||| qw: Lair rune preference: random
     0 | D:1      | 0 ||| qw: Goals: Normal
     0 | D:1      | 0 ||| PLANNING D:1-11
   120 | D:1      | Reached XP level 2. HP: 16/16 MP: 3/3
   395 | D:1      | Reached skill level 3 in Ranged Weapons
   647 | D:1      | 647 ||| READING scroll labelled JAILEA PEURIE.
   648 | D:1      | 648 ||| READING scroll labelled SIENET ZIOGELE.
   649 | D:1      | 649 ||| READING scroll labelled QOODEW METSE.
   652 | D:1      | 652 ||| READING scroll labelled SIORUI HYGILUGE.
   653 | D:1      | 653 ||| DROPPING scroll of poison.
   883 | D:2      | Reached XP level 3. HP: 21/21 MP: 4/4
   900 | D:2      | HP: 3/21 [orc wizard/+2 dagger of speed (3)]
   901 | D:2      | Killed from afar by an orc wizard

Levels and vault maps discovered:
D:1:      elethiomel_arrival_infinity_welcomes_careful_drivers, layout_rooms,
          minmay_tiny_reverse_x
D:2:      minmay_razor_zed, layout_basic

Skill      XL: |  1  2 |
---------------+-------+-----
Ranged Weapons | 3 |  3.0
Fighting       | 2 |  2.0
Dodging        | |  1.5
Spellcasting   | |  1.0
Hexes          | |  2.6

Action                     || total
---------------------------++-------
   Fire: Sling             ||    81
    Use: Scroll            ||     4
 Armour: Robe              ||    13
  Dodge: Dodged            ||    28

Table legend:
 A = Non-vault XP
 B = Vault XP
 C = Vault XP percentage of total XP
 D = Non-vault monster count
 E = Vault monster count
 F = Vault count percentage of total count
                 A         B        C        D         E       F
            +---------+---------+-------+---------+---------+-------
      Total |      33 |       4 |  10.8 |      22 |       2 |   8.3
            +---------+---------+-------+---------+---------+-------
        D:1 |      21 |       4 |  16.0 |      16 |       2 |  11.1
        D:2 |      12 |       0 |   0.0 |       6 |       0 |   0.0
            +---------+---------+-------+---------+---------+-------
